 Dungeon Crawl Stone Soup version 0.18.1-1-g2f07953 (webtiles) character file.

12629 Ijustatesigmund the Grappler (level 11, -9/111 HPs)
             Began as a Troll Hunter on May 6, 2016.
             Was the Champion of Cheibriados.
             Mangled by a catoblepas (12 damage)
             ... on level 11 of the Dungeon.
             The game lasted 00:25:18 (8777 turns).

Ijustatesigmund the Grappler (Troll Hunter)         Turns: 8777, Time: 00:25:19

Health: -9/111     AC: 10    Str: 37    XL:     11   Next: 65%
Magic:  14/14      EV:  1    Int: 22    God:    Cheibriados [******]
Gold:   566        SH:  0    Dex: 28    Spells: 0 memorised, 10 levels left

rFire  . . .     SeeInvis .       - Unarmed
rCold  . . .     Gourm    +     b - +2 robe
rNeg   + + +     Faith    .     (no shield)
rPois  ∞         Spirit   .     (helmet restricted)
rElec  .         Dismiss  .     (no cloak)
rCorr  .         Reflect  .     (gloves unavailable)
SustAt .         Harm     .     (boots unavailable)
MR     .....                    (no amulet)
Stlth  ++........               t - +3 ring of protection
                                n - +2 ring of slaying

@: petrified, very slow, not resistant to hostile enchantments, unstealthy
A: unfitting armour, claws 3, fast metabolism 3, gourmand, regeneration 2,
shaggy fur 1, tough skin 2
a: Bend Time, Temporal Distortion, Slouch, Step From Time, Renounce Religion


You were on level 11 of the Dungeon.
You worshipped Cheibriados.
Cheibriados was exalted by your worship.
You were very full.

You visited 2 branches of the dungeon, and saw 12 of its levels.
You also visited: Ice Cave.

You collected 626 gold pieces.
You spent 60 gold pieces at shops.

Inventory:

Missiles
 d - 3 throwing nets
 i - 5 silver tomahawks
 j - 5 large rocks (quivered)
Armour
 b - a +2 robe (worn)
Jewellery
 n - a +2 ring of slaying (left claw)
 o - an uncursed ring of see invisible
 t - a +3 ring of protection (right claw)
Wands
 w - a wand of flame (29/48)
 x - a wand of confusion (15/48)
 y - a wand of teleportation (4/9)
 E - a wand of flame (30/48)
 F - a wand of lightning (4/15)
 H - a wand of acid (12/15)
Scrolls
 c - a scroll of teleportation
 h - 3 scrolls of remove curse
 m - a scroll of blinking
 p - 4 scrolls of enchant armour
 s - 4 scrolls of immolation
 v - a scroll of enchant weapon
 B - 2 scrolls of fog
 D - a scroll of amnesia
Potions
 a - a potion of cure mutation {unknown}
 r - a potion of mutation
 u - a potion of brilliance
 z - 3 potions of ambrosia
 A - a potion of cancellation
 C - 2 potions of agility
 G - a potion of curing
Books
 J - a book of the Warp

   Spells                             Type                      Level
   a - Recall                         Summoning/Translocation      3
   b - Gell's Gravitas                Hexes/Translocation          3
   c - Force Lance                    Conjuration/Translocation    4
   d - Warp Weapon                    Charms/Translocation         5
   e - Summon Forest                  Summoning/Translocation      5
Comestibles
 f - 9 bread rations
 g - 9 meat rations
 k - 4 slices of pizza
 l - 4 beef jerkies
 q - 10 fruits


   Skills:
 + Level 8.3 Fighting
 - Level 4.0 Throwing
 - Level 6.0 Dodging
 - Level 0.4 Stealth
 + Level 12.6 Unarmed Combat
 + Level 5.8 Invocations


You had 10 spell levels left.
You didn't know any spells.

Dungeon Overview and Level Annotations

Branches:
Dungeon (11/15)            Temple (1/1) D:5            Lair (0/8) D:9
    Orc: D:9-12

Altars:
Ashenzari
Cheibriados
Dithmenos
Elyvilon
Fedhas
Gozag
Kikubaaqudgha
Makhleb
Nemelex Xobeh
Okawaru
Pakellas
Qazlal
Ru
Sif Muna
Trog
Vehumet
Xom
Yredelemnul
Zin
The Shining One

Shops:
D:4 *   D:10 !


Innate Abilities, Weirdness & Mutations

You are too large for most types of armour.
You have claws for hands.
Your metabolism is lightning-fast.
You like to eat raw meat.
You heal very quickly.
You are covered in fur (AC +1).
You have very tough skin (AC +2).


Message History

The catoblepas gores you!!
The catoblepas breathes a plume of calcifying dust at you.
The blast of calcifying dust hits you! The catoblepas gores you!
You have turned to stone.
You are engulfed in calcifying dust.
The catoblepas gores you!!
You are engulfed in calcifying dust.
The catoblepas gores you. The catoblepas gores you! The catoblepas gores you!!
* * * LOW HITPOINT WARNING * * *
The catoblepas gores you!!
* * * LOW HITPOINT WARNING * * *
The catoblepas gores you!!
* * * LOW HITPOINT WARNING * * *
The catoblepas breathes a plume of calcifying dust at you.
The blast of calcifying dust hits you!
* * * LOW HITPOINT WARNING * * *
You are engulfed in calcifying dust.
The catoblepas gores you!
* * * LOW HITPOINT WARNING * * *
You are engulfed in calcifying dust.
The catoblepas gores you!!
You die...

#.# #.#.......# #.##..........
#.####.#.#####.####.#...###.####
##...#.#..# #..............#
......###.# #.####.#...#####
####.#.#..# #.# #.##.##
...)......# #.# #.##.#
####..#.### #.# #.##.#
#..#.#######.####.##.#####
#...........Y@§§..##.....#
#..#.#######.............# #
#..#.. .................#
####..#### ###.......##.....#
........ .........###.....#
##############...#.## ###Y###
#.........# ##.##.# #§#
>...##....#####.##.# #§#
#.#.##)#........##.# #§#


You could see a catoblepas.

Vanquished Creatures
  Erolcha (D:8)
  The ghost of oplop the Nimble, a novice MfIE of Cheibriados (D:9)
  An elephant (D:9)
  An ugly thing (D:11)
  The ghost of PeterLawrence the Basher, a novice MiFi of Okawaru (D:6)
  A merfolk (D:9)
  A troll (D:11)
  2 wraiths
  11 yaks
  Grum (D:8)
  A hippogriff (D:7)
  Edmund (D:6)
  3 orc warriors
  9 ice beasts
  4 sky beasts
  A wasp (D:8)
  An eye of draining (D:11)
  6 ogres
  A phantom (D:10)
  A necrophage (D:11)
  10 centaurs
  4 wolves (D:8)
  3 crocodiles
  2 giant frogs
  An elf skeleton (D:11)
  A wyvern zombie (D:8)
  4 killer bees
  5 howler monkeys
  31 wights
  A crimson imp (D:10)
  A jelly (D:7)
  2 centaur zombies
  A quasit (D:11)
  5 human zombies (D:11)
  4 orc priests
  8 orc wizards
  2 centaur skeletons
  5 hounds
  3 giant frog skeletons
  2 iguanas
  A human skeleton (D:11)
  11 worker ants
  A killer bee zombie (D:9)
  A hound skeleton (D:7)
  2 mummies (D:11)
  A worker ant zombie (D:5)
  Robin (D:4)
  4 gnolls (D:7)
  12 adders
  7 shadow imps
  12 white imps (D:11)
  An ooze (D:1)
  An adder zombie (D:5)
  An adder skeleton (D:9)
  A worm (D:6)
  5 dart slugs
  A giant gecko (D:8)
  37 orcs
  3 giant cockroaches
  8 hobgoblins
  2 jackals (D:4)
  4 quokkas
  A ball python (D:1)
  10 bats
  A giant gecko skeleton (D:4)
  4 giant newts
  15 goblins
  13 kobolds
  A quokka skeleton (D:7)
  A quokka zombie (D:7)
  6 rats
313 creatures vanquished.

Vanquished Creatures (others)
  A lightning spire (D:9)
  2 bushes (D:9)
3 creatures vanquished.

Grand Total: 316 creatures vanquished

Notes
Turn   | Place    | Note
--------------------------------------------------------------
     0 | D:1      | Ijustatesigmund the Troll Hunter began the quest for the Orb.
     0 | D:1      | Reached XP level 1. HP: 19/19 MP: 0/0
   314 | D:1      | Reached skill level 1 in Unarmed Combat
   341 | D:1      | Reached XP level 2. HP: 25/28 MP: 1/1
   539 | D:1      | Reached skill level 2 in Unarmed Combat
   703 | D:1      | Reached XP level 3. HP: 34/35 MP: 2/2
  1150 | D:2      | Reached skill level 3 in Unarmed Combat
  1150 | D:2      | Reached XP level 4. HP: 28/42 MP: 3/3
  1817 | D:3      | Reached XP level 5. HP: 50/50 MP: 4/4
  1915 | D:3      | Reached skill level 4 in Unarmed Combat
  1980 | D:3      | Found a glowing silver altar of Zin.
  2101 | D:3      | Found a faded altar to an unknown god.
  2562 | D:4      | Found Notur's General Store.
  2582 | D:4      | Reached XP level 6. HP: 61/61 MP: 5/5
  2597 | D:4      | Bought a potion of curing for 30 gold pieces
  2597 | D:4      | Bought a potion of curing for 30 gold pieces
  2625 | D:4      | Reached skill level 5 in Unarmed Combat
  2640 | D:4      | Noticed Robin
  2660 | D:4      | Killed Robin
  2836 | D:4      | Found a shattered altar of Ashenzari.
  3140 | D:5      | Entered Level 5 of the Dungeon
  3164 | D:5      | Found a staircase to the Ecumenical Temple.
  3203 | Temple   | Entered the Ecumenical Temple
  3270 | Temple   | Became a worshipper of Cheibriados the Contemplative
  3523 | D:5      | Reached XP level 7. HP: 66/67 MP: 6/6
  3570 | D:5      | Found a glowing golden altar of the Shining One.
  3654 | D:5      | Reached skill level 1 in Invocations
  3784 | D:5      | Reached skill level 6 in Unarmed Combat
  3878 | D:5      | Found an opulent altar of Gozag.
  3878 | D:5      | Found a radiant altar of Vehumet.
  4082 | D:6      | Reached * piety under Cheibriados
  4136 | D:6      | Noticed PeterLawrence's ghost (novice MiFi)
  4453 | D:6      | Noticed Edmund
  4460 | D:6      | Killed Edmund
  4460 | D:6      | Reached XP level 8. HP: 78/78 MP: 8/8
  4463 | D:6      | Reached skill level 7 in Unarmed Combat
  4719 | D:7      | Reached skill level 8 in Unarmed Combat
  4741 | D:7      | Reached skill level 5 in Fighting
  4894 | D:7      | Reached ** piety under Cheibriados
  4905 | D:7      | Reached XP level 9. HP: 85/88 MP: 9/11
  5555 | D:8      | Noticed Grum
  5559 | D:8      | Reached *** piety under Cheibriados
  5559 | D:8      | Reached skill level 5 in Dodging
  5713 | D:8      | Killed Grum
  5746 | D:8      | Reached skill level 9 in Unarmed Combat
  5868 | D:8      | Found a stormy altar of Qazlal.
  5885 | D:8      | Noticed Erolcha
  5897 | D:8      | Killed Erolcha
  5897 | D:8      | Reached XP level 10. HP: 54/98 MP: 12/12
  6069 | D:9      | Found a staircase to the Lair.
  6069 | D:9      | Noticed an elephant
  6085 | D:9      | Killed an elephant
  6085 | D:9      | Reached skill level 10 in Unarmed Combat
  6155 | D:9      | Found an oddly glowing altar of Pakellas.
  6156 | D:9      | Noticed a cyclops
  6344 | D:9      | Reached **** piety under Cheibriados
  6561 | D:9      | Found a sparkling altar of Nemelex Xobeh.
  6652 | D:9      | Noticed oplop's ghost (novice MfIE)
  6663 | D:9      | Killed oplop's ghost
  6663 | D:9      | Reached skill level 11 in Unarmed Combat
  6782 | D:9      | Found a shadowy altar of Dithmenos.
  7135 | D:6      | Killed PeterLawrence's ghost
  7491 | D:10     | Entered Level 10 of the Dungeon
  7557 | D:10     | Reached XP level 11. HP: 109/109 MP: 13/13
  7626 | D:10     | Reached ***** piety under Cheibriados
  7761 | D:10     | Found Kies's Distillery.
  7920 | D:10     | Reached skill level 12 in Unarmed Combat
  8017 | D:11     | Found a frozen archway.
  8080 | IceCv    | Entered an ice cave
  8146 | IceCv    | HP: 3/109 [ice statue] (14)]
  8340 | D:11     | Noticed a purple ugly thing
  8346 | D:11     | Reached skill level 5 in Invocations
  8368 | D:11     | Killed a purple ugly thing
  8458 | D:11     | Found a basalt altar of Yredelemnul.
  8583 | D:11     | Reached ****** piety under Cheibriados
  8733 | D:11     | Noticed a catoblepas
  8776 | D:11     | HP: 3/111 [catoblepas (6)]
  8777 | D:11     | Mangled by a catoblepas

Skill      XL: |  1  2  3  4  5  6  7  8  9 10 11 |
---------------+----------------------------------+-----
Unarmed Combat | 1 2 3 4 5 6 8 9 11 12 | 12.6
Fighting       | 2 3 4 5 7 8 |  8.3
Throwing       | 4 |  4.0
Invocations    | 2 4 5 |  5.8
Dodging        | 6 |  6.0
Stealth        | |  0.4

Action                   |  1- 3 |  4- 6 |  7- 9 | 10-12 || total
-------------------------+-------+-------+-------+-------++-------
Melee: Unarmed           |    86 |   205 |   240 |   313 ||   844
       Punch             |       |     4 |    14 |    26 ||    44
Throw: Large rock        |       |     3 |    17 |     8 ||    28
Invok: Slouch            |       |       |       |     1 ||     1
Evoke: Wand              |       |       |     3 |     1 ||     4
  Use: Scroll            |       |    14 |    14 |     5 ||    33
       Potion            |       |     1 |     5 |     4 ||    10
 Stab: Sleeping          |     1 |     3 |     2 |     7 ||    13
       Invisible         |       |     1 |       |     6 ||     7
       Distracted        |       |       |     1 |     4 ||     5
  Eat: Chunk             |    16 |    20 |    17 |    19 ||    72
Armor: Robe              |    26 |    99 |   101 |    69 ||   295
Dodge: Dodged            |    41 |   136 |   143 |   210 ||   530
